 Dungeon Crawl Stone Soup version 0.30-a0-56-ge6a4009bfd (webtiles) character file.

Game seed: 1126298480516057598

92 Newt the Cutter (level 4, -1/35 HPs)
             Began as a Demonspawn Gladiator on Sept 10, 2022.
             Killed from afar by Sigmund (9 damage)
             ... with a magic dart
             ... on level 3 of the Dungeon.
             The game lasted 00:03:08 (3160 turns).

Newt the Cutter (Demonspawn Gladiator)              Turns: 3160, Time: 00:03:09

Health: -1/35      AC:  6    Str: 16    XL:     4   Next: 35%
Magic:  4/4        EV: 11    Int: 10    God:
Gold:   105        SH:  3    Dex: 14    Spells: 3/3 levels left

rFire   . . .      SeeInvis .    a - +0 rapier
rCold   . . .      Faith    .    j - +0 buckler
rNeg    . . .      Spirit   .    b - +0 leather armour
rPois   .          Reflect  .    c - +0 helmet
rElec   .          Harm     .    (no cloak)
rCorr   .          Rampage  .    (no gloves)
Will    .....                    (no boots)
Stlth   +.........               (no amulet)
HPRegen 0.11/turn                (no ring)
MPRegen 0.09/turn                (no ring)

@: no status effects
A: icy blue scales 1, demonic magic 1
a: no special abilities


You were on level 3 of the Dungeon.
You visited 1 branch of the dungeon, and saw 3 of its levels.

You collected 105 gold pieces.

Inventory:

Hand Weapons
 a - a +0 rapier (weapon)
Missiles
 d - 3 throwing nets (quivered)
 h - 3 datura-tipped darts
Armour
 b - a +0 leather armour (worn)
 c - a +0 helmet (worn)
 j - a +0 buckler (worn)
Jewellery
 m - an amulet of faith
Scrolls
 g - 2 scrolls of magic mapping {unknown}
 i - 2 scrolls of identify {unknown}
 k - 2 scrolls of immolation {unknown}
 n - a scroll of brand weapon {unknown}
Potions
 f - 2 potions of curing {unknown}
 l - a potion of berserk rage {unknown}


   Skills:
 * Level 3.4 Fighting
 - Level 4.0 Short Blades
 - Level 1.7 Throwing
 - Level 2.6 Dodging


You had 3 spell levels left.
You didn't know any spells.
Your spell library was empty.

Dungeon Overview and Level Annotations

Branches:
Dungeon (3/15)

Altars:

Annotations:
D:3 Sigmund


Innate Abilities, Weirdness & Mutations

You are partially covered in icy blue scales. (AC +2)
Spells you cast may paralyse adjacent enemies.


Message History

Found a cyan potion.
Sigmund shouts!
You hear a shout! x2
Sigmund mumbles some strange words.
Sigmund flickers and vanishes!
Deactivating autopickup; reactivate with Ctrl-A.
An endoplasm is nearby!
An endoplasm is nearby!
A puff of flame appears from out of thin air!
The puff of flame misses you.
The endoplasm quivers.
You hit the endoplasm.
The endoplasm is almost dead.
You block something's attack. The endoplasm barely misses you.
You hit the endoplasm.
You kill the endoplasm!
A goblin comes into view. It is wielding a +0 dagger.
Something hits you.
You hit something. Something hits you.
You hear a zap.
You hear a grinding noise.
Unknown command.
You hit something. You hit something but do no damage. Something hits you!
You barely miss something. You block something's attack.
You miss something. Something hits you.
You completely miss something. You barely miss something. Something hits you.
You hit something. Something hits you but does no damage.
You hear a zap.
You hear a grinding noise.
A puff of flame appears from out of thin air!
The puff of flame hits you.
* * * LOW HITPOINT WARNING * * *
You hear a zap.
You hear a grinding noise.
You hear a zap.
You hear a grinding noise.
Throw: javelin
Press: ? - help, Shift-Dir - straight line, f - goblin
Aim: a goblin, wielding a +0 dagger (51% to hit)
You throw a javelin. The javelin closely misses the goblin.
A magic dart appears from out of thin air!
The magic dart hits you!
You die...

##.## #...# ... ##
... ## .. #.# #.. .
#.# #.#
#.####.#######.#
.####.#.(..g{..@.#.#
.!.!.......#####.#.#
.....#.#### ##.#.#
#### #.# ###....#
#.# #......# #g#
#.#...## #.# #.##.##
... # #.# ..#.. #.#


You could see a goblin.

Vanquished Creatures
  Jessica (D:2)
  3 adders
  5 bats
  An endoplasm (D:3)
  6 goblins
  7 hobgoblins
  2 quokkas (D:2)
  3 ball pythons
  4 frilled lizards
  A kobold (D:2)
  6 rats
39 creatures vanquished.

Notes
Turn   | Place    | Note
-------+----------+-------------------------------------------
     0 | D:1      | Newt the Demonspawn Gladiator began the quest for the Orb.
     0 | D:1      | Reached XP level 1. HP: 16/16 MP: 1/1
   186 | D:1      | Reached skill level 3 in Short Blades
   407 | D:1      | Gained mutation: Spells you cast may paralyse adjacent
                  | enemies. [demonic ancestry]
   407 | D:1      | Reached XP level 2. HP: 19/22 MP: 2/2
  1482 | D:2      | Gained mutation: You are partially covered in icy blue
                  | scales. (AC +2) [demonic ancestry]
  1482 | D:2      | Reached XP level 3. HP: 23/27 MP: 3/3
  1529 | D:2      | Noticed Jessica
  1543 | D:2      | Killed Jessica
  1544 | D:2      | Reached skill level 4 in Short Blades
  2187 | D:2      | Reached XP level 4. HP: 21/35 MP: 4/4
  3134 | D:3      | Noticed Sigmund
  3160 | D:3      | Killed from afar by Sigmund

Illustrated notes

Levels and vault maps discovered:
D:1:      roderic_crossed_star, layout_basic
D:2:      layout_loops_corners, reono_crystal_passage, minmay_heptomino_w4,
          uniq_jessica
D:3:      layout_loops_ring, mainiacjoe_overflow_alcove_3, uniq_robin,
          uniq_sigmund

Skill      XL: |  1  2  3 |
---------------+----------+-----
Short Blades   | 3 4 |  4.0
Fighting       | 3 |  3.4
Throwing       | |  1.7
Dodging        | |  2.6

Action                   |  1- 3 |  4- 6 || total
-------------------------+-------+-------++-------
Melee: Rapier            |   119 |    53 ||   172
Throw: Javelin           |       |     1 ||     1
 Stab: Sleeping          |     1 |       ||     1
Armor: Leather armour    |    54 |    15 ||    69
Dodge: Dodged            |    80 |    17 ||    97
Block: Buckler           |     7 |     9 ||    16

Table legend: (Time is in decaauts)
 A = Elapsed time spent in this place.
 B = Non-inter-level travel time spent in this place.
 C = Inter-level travel time spent in this place.
 D = Time resting spent in this place.
 E = Time spent auto-exploring this place.
 F = Levels seen in this place.
 G = Mean time per level.
                   A        B        C        D        E       F      G
               +--------+--------+--------+--------+--------+-----+--------+
         Total |   3172 |   3097 |     75 |    572 |   2122 |   3 | 1057.3 |
       Dungeon |   3172 |   3097 |     75 |    572 |   2122 |   3 | 1057.3 |
               +--------+--------+--------+--------+--------+-----+--------+

Top non-repeatable levels by time:
     D:2: 1289 daAuts
     D:1: 1207 daAuts
     D:3: 674 daAuts
